 Dungeon Crawl Stone Soup version 0.15-a0-674-g7948ca6 (webtiles) character file.

809 MrRokkomies the Vexing (level 7, -6/46 HPs)
             Began as a Vampire Enchanter on May 9, 2014.
             Mangled by a goliath beetle (21 damage)
             ... on Level 6 of the Dungeon.
             The game lasted 00:22:40 (8129 turns).

MrRokkomies the Vexing (Vampire Enchanter)          Turns: 8129, Time: 00:22:40

HP  -6/46        AC  2     Str  8      XL: 7   Next: 61%
MP   3/12        EV 16     Int 18      God:
Gold 190         SH  0     Dex 14      Spells:  4 memorised,  0 levels left

rFire  . . .     SeeInvis +     b - +1 short sword (venom)
rCold  + + .     Clarity  .     o - +0 robe
rNeg   + + +     Conserve .     (no shield)
rPois  +         rCorr    .     (no helmet)
rElec  .         rRot     +     (no cloak)
SustAb . .       Spirit   .     (no gloves)
rMut   .         Warding  .     (no boots)
Saprov . . .     Stasis   .     (no amulet)
MR     .....                    (no ring)
                                i - ring of positive energy

@: non-regenerating, very slightly contaminated, not resistant to hostile
enchantments, fairly stealthy
A: bottle blood, fangs 3, see invisible, unbreathing
a: Bat Form, Bottle Blood


You were on level 6 of the Dungeon.
You were bloodless.

You visited 1 branch of the dungeon, and saw 6 of its levels.

You collected 190 gold pieces.

Inventory:

Hand weapons
 a - a +2,+2 dagger
 b - a +1,+1 short sword of venom (weapon)
 m - a +0 blowgun
 y - a +1,+2 dagger of chaos
Missiles
 d - 11 darts (quivered)
 e - 51 poisoned needles
 f - 2 poisoned darts
 g - 21 darts of dispersal
Armour
 o - a +0 robe (worn)
Magical devices
 n - a wand of hasting (0)
 s - a wand of random effects (10)
 v - a wand of disintegration (0)
Scrolls
 r - 4 scrolls of identify
 w - a scroll of remove curse
 x - a scroll of enchant weapon I
Jewellery
 i - a ring of positive energy (left hand)
 t - an uncursed amulet of resist corrosion {unknown}
Potions
 h - 2 potions of curing
 j - 3 potions of brilliance
 l - a potion of resistance
 p - a potion of degeneration {unknown}
 u - a potion of poison {unknown}
 z - a potion of might {unknown}
Books
 c - a book of Maledictions

   Spells                             Type                      Level
   *Corona                            Hexes                        1
   Sure Blade                         Hexes/Charms                 2
   *Ensorcelled Hibernation           Hexes/Ice                    2
   *Confuse                           Hexes                        3
   Dazzling Spray                     Conjuration/Hexes            3
   *Enslavement                       Hexes                        4
Magical staves
 A - an uncursed staff of conjuration


   Skills:
 * Level 5.3 Short Blades
 - Level 0.7 Throwing
 * Level 6.8 Dodging
 - Level 3.0 Stealth
 - Level 2.0 Spellcasting
 - Level 7.0 Hexes


You couldn't memorise any spells.
You knew the following spells:

 Your Spells              Type           Power        Failure   Level  Hunger
a - Corona                Hex            ####...      1%          1    #......
b - Ensorcelled Hibernat  Hex/Ice        ##....       8%          2    ##.....
c - Enslavement           Hex            ####....     12%         4    #####..
d - Confuse               Hex            ####....     2%          3    ####...


Dungeon Overview and Level Annotations

Branches:
Dungeon (6/15)
 Temple: D:4-7

Altars:
Sif Muna
Xom
Zin

Annotations:
D:6 Dowan


Innate Abilities, Weirdness & Mutations

You do not heal naturally.
You can bottle blood from corpses.
You have razor-sharp teeth.*
You have supernaturally acute eyesight.
You can survive without breathing.*


Message History

Confirm with . or Enter, or press ? or * to list all spells.
Aiming: Ensorcelled Hibernation
Press: ? - help, Shift-Dir - straight line, f - goliath beetle
Aim: a goliath beetle The goliath beetle resists.
Casting: Ensorcelled Hibernation
Confirm with . or Enter, or press ? or * to list all spells.
Aiming: Enslavement
Press: ? - help, Shift-Dir - straight line, f/p - goliath beetle
Aim: a goliath beetle You miscast Enslavement.
You are very lightly contaminated with residual magic.
Nothing appears to happen.
Casting: Enslavement
Confirm with . or Enter, or press ? or * to list all spells.
You don't have enough magic to cast that spell.
Unknown command.
You hit the goliath beetle but do no damage.
The goliath beetle is poisoned.
The goliath beetle bites you!
You die...

,,,*,* **,,** *, ,*
*,,,* *, ** ,********
**** *,,,,.#.*##*,,#*
**,,,...##.###.###
,,,**#.#.##.#.##@# ,,.*
#.##.##...B##
,..###..##.##.### **
.......#.....#..##*,***
............#....#,, ,*
..........<..#..Z.#*,**
..........####.##..#**
..........# *,##,##?,*
....(.....###...#*,***


You could see a goliath beetle.

Vanquished Creatures
  An ogre (D:5)
  A giant frog (D:6)
  2 crimson imps (D:5)
  A gnoll shaman (D:4)
  2 hounds
  4 worker ants
  Natasha (thrice) (D:3)
  Ijyb (D:2)
  8 adders
  15 gnolls
  A shadow imp (D:5)
  A giant mite (D:4)
  3 worms
  An iguana skeleton (D:5)
  6 giant geckos
  An ooze (D:4)
  4 orcs
  4 ball pythons
  5 goblins
  10 hobgoblins
  10 jackals
  9 kobolds
  8 bats
  9 giant cockroaches
  6 giant newts
  A hobgoblin skeleton (D:4)
  2 quokkas
  12 rats
131 creatures vanquished.

Vanquished Creatures (collateral kills)
  A scorpion (D:5)
  A hound (D:5)
  A big kobold skeleton (D:6)
  A gnoll (D:5)
  An ooze (D:4)
  A hobgoblin (D:6)
6 creatures vanquished.

Grand Total: 137 creatures vanquished

Notes
Turn   | Place    | Note
--------------------------------------------------------------
     0 | D:1      | MrRokkomies, the Vampire Enchanter, began the quest for the Orb.
     0 | D:1      | Reached XP level 1. HP: 13/13 MP: 3/3
     6 | D:1      | Noticed an anaconda
     6 | D:1      | Noticed a hound
     6 | D:1      | Noticed a black bear
     6 | D:1      | Noticed a redback
     8 | D:1      | Noticed a swamp worm
   355 | D:1      | Reached XP level 2. HP: 17/19 MP: 4/4
   359 | D:1      | Learned a level 2 spell: Ensorcelled Hibernation
   388 | D:1      | Reached skill level 5 in Hexes
   893 | D:1      | Reached XP level 3. HP: 15/24 MP: 6/6
  1525 | D:2      | Reached skill level 6 in Hexes
  2166 | D:2      | Noticed Ijyb
  2187 | D:2      | Killed Ijyb
  2187 | D:2      | Reached XP level 4. HP: 23/30 MP: 3/7
  2193 | D:2      | Learned a level 4 spell: Enslavement
  2587 | D:2      | Found a deep blue altar of Sif Muna.
  3395 | D:3      | Noticed Natasha
  3404 | D:3      | Reached skill level 7 in Hexes
  3513 | D:3      | Killed Natasha
  3661 | D:3      | Reached XP level 5. HP: 35/35 MP: 6/9
  3751 | D:3      | Noticed Natasha
  3758 | D:3      | Killed Natasha
  4053 | D:3      | Noticed Natasha
  4067 | D:3      | Killed Natasha
  5300 | D:4      | Reached XP level 6. HP: 41/41 MP: 0/10
  5918 | D:4      | Found a glowing silver altar of Zin.
  5918 | D:4      | Noticed an angel
  6086 | D:5      | Entered Level 5 of the Dungeon
  6380 | D:5      | Found a shimmering altar of Xom.
  6410 | D:5      | Reached skill level 5 in Dodging
  6517 | D:5      | HP: 2/41 [adder (3)]
  6518 | D:5      | Reached XP level 7. HP: 2/46 MP: 9/12
  7034 | D:5      | Reached skill level 5 in Short Blades
  7149 | D:5      | Learned a level 3 spell: Confuse
  7955 | D:6      | Noticed Dowan
  8129 | D:6      | Mangled by a goliath beetle

Action                   |  1- 3 |  4- 6 |  7- 9 || total
-------------------------+-------+-------+-------++-------
Melee: Dagger            |   130 |   233 |    46 ||   409
       Short sword       |       |       |    16 ||    16
Throw: Dart              |       |     2 |       ||     2
 Cast: Ensorcelled Hiber |    13 |    45 |    25 ||    83
       Enslavement       |       |     5 |     3 ||     8
 Abil: End Transformatio |       |     1 |       ||     1
       Bat Form          |       |     1 |       ||     1
Evoke: Wand              |       |     3 |     1 ||     4
  Use: Scroll            |     2 |     8 |     3 ||    13
       Potion            |       |       |     2 ||     2
 Stab: Sleeping          |    11 |    32 |     9 ||    52
       Distracted        |       |       |     1 ||     1
       Petrifying        |       |       |     1 ||     1
